AoeStats
← Barón de la Cerveza

Hideout

507375942Analyzed
1v1 RM · 15d ago on Sep 17, 2026· 33m 58s· 2 players
Game mode
Random Map
Map size
Tiny (2 player)
Population
200
Speed
Normal
Resources
Standard
Victory
Conquest
Starting age
Dark Age
Ending age
Imperial Age
RankedLock teamsTeams togetherTeam positionsShared explorationLock speedFull tech treeHidden civsTurbo modeCheats
Victory
Defeat
🇲🇽 Shu · Mexico
1868
+12
🇦🇷 Cumans · Argentina
1785
-12
Nanobot
6:31 Loom
9:45 Feudal Age
9:48 Man-at-Arms
20:20 Double-Bit Axe
25:38 Castle Age
27:27 Light Cavalry
31:35 Scale Barding Armor
Barón de la Cerveza
10:26 Feudal Age
14:14 Castle Age
12:37 Horse Collar
13:19 Double-Bit Axe
15:08 Loom
20:29 Bow Saw
30:45 Town Watch
Connection lost

Rejoining the realm…

Still unreachable

The connection could not be restored.

Session expired

The server has moved on; the page needs a fresh start.